 Dungeon Crawl Stone Soup version 0.24.0-29-g8ce449bc06 (webtiles) character file.

Game seed: 8280064279439240403, levelgen mode: deterministic

701 Delamore the Cleaver (level 7, -3/57 HPs)
             Began as a Hill Orc Fighter on Nov 14, 2019.
             Killed from afar by a bog mummy (8 damage)
             ... with a puff of frost
             ... in an ossuary.
             The game lasted 00:04:07 (3001 turns).

Delamore the Cleaver (Hill Orc Fighter)             Turns: 3001, Time: 00:04:08

Health: -3/57      AC:  6    Str: 21    XL:     7   Next: 66%
Magic:  7/7        EV:  9    Int: 11    God:
Gold:   126        SH:  7    Dex: 10    Spells: 6/6 levels left

rFire    . . .     SeeInvis .   a - +0 war axe
rCold    . . .     Gourm    .   i - +3 buckler
rNeg     . . .     Faith    .   b - +0 scale mail
rPois    .         Spirit   .   (no helmet)
rElec    .         Reflect  .   (no cloak)
rCorr    .         Harm     .   (no gloves)
MR       .....                  (no boots)
Stlth    ..........             (no amulet)
HPRegen  0.19/turn              o - +3 ring of intelligence
MPRegen  0.10/turn              (no ring)

@: slowed, very slow
A: no striking features
a: no special abilities


You were in an ossuary.
You were not hungry.

You visited 1 branch of the dungeon, and saw 5 of its levels.
You also visited: Ossuary.

You collected 126 gold pieces.

Inventory:

Hand Weapons
 a - a +0 war axe (weapon)
Armour
 b - a +0 scale mail (worn)
 c - a +0 shield
 i - a +3 buckler (worn)
Jewellery
 o - a +3 ring of intelligence (left hand)
 v - a cursed -3 ring of intelligence
Wands
 y - a wand of iceblast (11)
Scrolls
 e - 4 scrolls of remove curse
 g - a scroll of enchant weapon
 l - 3 scrolls of teleportation
 p - 2 scrolls of enchant armour
 t - a scroll of identify
 w - a scroll of fog {unknown}
Potions
 d - a potion of might
 h - 2 potions of magic {unknown}
 k - 2 potions of flight {unknown}
 m - a potion of haste {unknown}
 n - a potion of heal wounds {unknown}
 q - a potion of brilliance {unknown}
 r - a potion of curing {unknown}
 s - 4 potions of lignification {unknown}
 u - a potion of berserk rage {unknown}
Comestibles
 f - 11 rations
 j - 2 chunks of flesh


   Skills:
 - Level 3.6 Fighting
 + Level 10.8 Axes
 - Level 3.2 Armour
 - Level 3.2 Shields


You had 6 spell levels left.
You didn't know any spells.
Your spell library was empty.

Dungeon Overview and Level Annotations

Branches:
Dungeon (5/15)            Ossuary (1/1)
 Temple: D:4-7

Altars:
Cheibriados
Nemelex Xobeh
Ru
Trog
Xom
Zin
The Shining One

Shops:
D:4 %


Message History

You closely miss the bog mummy. You hit the bog mummy.
The bog mummy points at you and mumbles some strange words.
You feel yourself slow down. The bog mummy hits you.
The bog mummy hits you but does no damage.
There is an open door here.
The bog mummy hits you but does no damage.
The bog mummy hits you.
The bog mummy gestures at you while chanting.
The puff of frost hits you!
* * * LOW HITPOINT WARNING * * *
There is an open door, spattered with blood here.
The bog mummy points at you and mumbles some strange words.
The puff of frost hits you.
* * * LOW HITPOINT WARNING * * *
The bog mummy gestures at you while chanting.
The puff of frost hits you!
* * * LOW HITPOINT WARNING * * *
The bog mummy points at you and mumbles some strange words.
The puff of frost hits you!
You die...

##### #∩..#
#.∩.# #.@.#
#≈##+##'##≈###
.≈≈≈≈MMMM≈.'.#
.#.≈.#≈≈.≈≈###
#.#.≈.#.≈.# #≈
#≈≈# ##≈# #≈≈
## ≈≈# ≈#≈


You could see 3 bog mummies.

Vanquished Creatures
  Sigmund (D:4)
  An ogre (D:4)
  Blork the orc (D:4)
  A scorpion (D:5)
  2 hounds (D:4)
  An orc priest (D:4)
  3 orc wizards (D:4)
  A worker ant (D:4)
  6 adders
  2 adder skeletons (D:4)
  A worm (D:2)
  3 dart slugs
  A leopard gecko (D:2)
  10 orcs
  4 bats
  2 giant cockroaches
  8 goblins
  7 hobgoblins
  6 jackals
  5 kobolds
  3 quokkas
  A ball python (D:2)
  3 frilled lizards
  A jackal skeleton (D:4)
  A quokka skeleton (D:4)
  4 rats
79 creatures vanquished.

Notes
Turn   | Place    | Note
-------+----------+-------------------------------------------
     0 | D:1      | Delamore the Hill Orc Fighter began the quest for the Orb.
     0 | D:1      | Reached XP level 1. HP: 19/19 MP: 1/1
    23 | D:1      | Reached skill level 3 in Axes
   110 | D:1      | Reached XP level 2. HP: 26/26 MP: 2/2
   218 | D:1      | Reached skill level 4 in Axes
   581 | D:2      | Reached XP level 3. HP: 31/31 MP: 3/3
   600 | D:2      | Found a shimmering altar of Xom.
   687 | D:2      | Reached skill level 5 in Axes
   727 | D:2      | Found a snail-covered altar of Cheibriados.
   732 | D:2      | Found a glowing silver altar of Zin.
   732 | D:2      | Found a sparkling altar of Nemelex Xobeh.
   734 | D:2      | Found a glowing golden altar of the Shining One.
   899 | D:2      | Reached XP level 4. HP: 34/39 MP: 4/4
  1143 | D:2      | Found a bloodstained altar of Trog.
  1517 | D:3      | Reached skill level 6 in Axes
  1806 | D:4      | Reached skill level 7 in Axes
  1806 | D:4      | Reached XP level 5. HP: 38/45 MP: 5/5
  1847 | D:4      | Noticed Sigmund
  1865 | D:4      | Killed Sigmund
  1865 | D:4      | Reached skill level 8 in Axes
  1865 | D:4      | Reached XP level 6. HP: 29/51 MP: 6/6
  2050 | D:4      | Reached skill level 9 in Axes
  2292 | D:4      | Reached XP level 7. HP: 55/57 MP: 7/7
  2347 | D:4      | Reached skill level 10 in Axes
  2465 | D:4      | Found a sacrificial altar of Ru.
  2514 | D:4      | Noticed Blork the orc
  2530 | D:4      | Killed Blork the orc
  2659 | D:4      | Found Beastir's Food Emporium.
  2842 | D:5      | Entered Level 5 of the Dungeon
  2987 | D:5      | Found a sand-covered staircase.
  2992 | Ossuary  | Entered an ossuary
  3001 | Ossuary  | Killed from afar by a bog mummy

Levels and vault maps discovered:
D:1:      dpeg_arrival_radiant, layout_basic
D:2:      layout_loops_ring, lemuel_coloured_pillars_altar, xom_teletrap_fun,
          minitemple
D:3:      wad_pebble_path, layout_rooms
D:4:      minmay_chambers_of_twos, layout_loops_ring, lemuel_crystal_altar,
          serial_shops, shop, first_ration, uniq_blork_the_orc, uniq_sigmund
D:5:      layout_basic, nicolae_overflow_hidden_temple, portal_sewer_entry_f,
          nicolae_ossuary_entry_ruins, serial_shops, shop, dk_vineyard_2,
          minmay_a_box_with_orc_wizards_in_it
Ossuary:  ossuary_zaba_flooded

Skill      XL: |  1  2  3  4  5  6  7 |
---------------+----------------------+-----
Axes           | 3 4 5 7 8 9 10 | 10.8
Fighting       | |  3.6
Armour         | |  3.2
Shields        | |  3.2

Action                   |  1- 3 |  4- 6 |  7- 9 || total
-------------------------+-------+-------+-------++-------
Melee: War axe           |    75 |   119 |    59 ||   253
  Use: Scroll            |       |       |     6 ||     6
  Eat: Chunk             |       |     5 |     2 ||     7
Armor: Scale mail        |    27 |    35 |    15 ||    77
Dodge: Dodged            |    23 |    41 |    23 ||    87
Block: Shield            |     7 |       |       ||     7
       Buckler           |    20 |    42 |    20 ||    82
